 Dungeon Crawl Stone Soup version 0.23.1-44-gbd83930989 (webtiles) character file.

Game seed: 10574131414606162926

84 PentaManta the Sneak (level 4, -8/31 HPs)
             Began as an Octopode Fighter on Mar 30, 2019.
             Killed from afar by an orc wizard (9 damage)
             ... with a puff of flame
             ... on level 3 of the Dungeon.
             The game lasted 00:02:41 (1673 turns).

PentaManta the Sneak (Octopode Fighter)             Turns: 1673, Time: 00:02:42

Health: -8/31      AC:  1    Str: 20    XL:     4   Next: 46%
Magic:  4/4        EV: 12    Int: 10    God:
Gold:   188        SH:  9    Dex: 12    Spells: 3/3 levels left

rFire    . . .     SeeInvis .   a - +0 long sword
rCold    . . .     Gourm    .   b - +0 shield
rNeg     . . .     Faith    .   (helmet restricted)
rPois    .         Spirit   .   (no amulet)
rElec    .         Reflect  .   (no ring)
rCorr    .         Harm     .   (no ring)
MR       .....                  (no ring)
Stlth    +++.......             (no ring)
HPRegen  0.10/turn              (no ring)
MPRegen  0.09/turn              (no ring)
                                (no ring)
                                (no ring)

@: mighty
A: almost no armour, stealthy swim, amphibious, 8 rings, constrict 8, camouflage
1, gelatinous body 1
a: no special abilities


You were on level 3 of the Dungeon.
You were hungry.

You visited 1 branch of the dungeon, and saw 3 of its levels.

You collected 188 gold pieces.

Inventory:

Hand Weapons
 a - a +0 long sword (weapon)
Armour
 b - a +0 shield (worn)
Jewellery
 f - an uncursed ring of stealth {unknown}
 h - an uncursed ring of ice {unknown}
Scrolls
 e - a scroll of random uselessness {unknown}
 j - a scroll of remove curse {unknown}
 k - a scroll of fear {unknown}
 l - a scroll of fog {unknown}
 o - 2 scrolls of teleportation {unknown}
 q - 2 scrolls of enchant armour {unknown}
 r - a scroll of identify {unknown}
Potions
 c - 2 potions of might
 g - 2 potions of curing {unknown}
 i - a potion of heal wounds {unknown}
 m - a potion of lignification {unknown}
 n - 2 potions of haste {unknown}
 p - a potion of berserk rage {unknown}
Comestibles
 d - 4 rations


   Skills:
 - Level 3.0 Fighting
 + Level 2.7 Long Blades
 + Level 3.6 Dodging
 * Level 4.0 Stealth
 - Level 3.0 Shields


You had 3 spell levels left.
You didn't know any spells.
Your spell library was empty.

Dungeon Overview and Level Annotations

Branches:
Dungeon (3/15)

Altars:


Innate Abilities, Weirdness & Mutations

You cannot wear most types of armour.
You are very stealthy in the water. (Stealth+)
You are amphibious.
You can wear up to eight rings at the same time.
You can use your tentacles to constrict eight enemies at once.
Your skin changes colour to match your surroundings (Stealth+).
Your rubbery body absorbs attacks. (AC +1, EV +1)


Message History

You completely miss something. Your squeeze misses something.
You hear some strange, mumbled words.
A puff of flame appears from out of thin air!
The puff of flame misses you.
You hear some strange, mumbled words.
A puff of flame appears from out of thin air!
The puff of flame misses you.
You miss something. Your squeeze misses something.
You hear some strange, mumbled words.
A magic dart appears from out of thin air!
The magic dart hits you!
* * * LOW HITPOINT WARNING * * *
You feel very mighty all of a sudden. Something hits you.
* * * LOW HITPOINT WARNING * * *
You miss something. Your squeeze misses something.
You hear some strange, mumbled words.
A puff of flame appears from out of thin air!
The puff of flame hits you!
You die...

## #.. ##.#
#..# #..# #
#..# .## #..#
...#
#..######.....
#..'@{Kr......
#..###oo......
#..# ##....#..
#..# #......
#..# ......
#..# .....
#.†# ..#..
#..# #+ # #..#


You could see 2 orcs, a kobold and a rat.

Vanquished Creatures
  2 adders (D:2)
  4 leopard geckos
  An orc (D:3)
  A ball python (D:1)
  A giant cockroach (D:1)
  5 goblins
  10 hobgoblins
  4 jackals (D:1)
  A quokka (D:2)
  9 bats
  3 frilled lizards
  6 kobolds
  9 rats
56 creatures vanquished.

Notes
Turn   | Place    | Note
-------+----------+-------------------------------------------
     0 | D:1      | PentaManta the Octopode Fighter began the quest for the
                  | Orb.
     0 | D:1      | Reached XP level 1. HP: 16/16 MP: 1/1
    14 | D:1      | Reached skill level 1 in Stealth
    19 | D:1      | Reached XP level 2. HP: 15/21 MP: 2/2
   122 | D:1      | Reached skill level 2 in Stealth
   388 | D:1      | Reached XP level 3. HP: 11/26 MP: 3/3
   741 | D:1      | Reached skill level 3 in Stealth
  1096 | D:2      | Reached XP level 4. HP: 25/31 MP: 4/4
  1661 | D:3      | Reached skill level 4 in Stealth
  1672 | D:3      | HP: 1/31 [something (3)]
  1673 | D:3      | Killed from afar by an orc wizard

Skill      XL: |  1  2  3  4 |
---------------+-------------+-----
Stealth        | 1 2 3 4 |  4.0
Fighting       | |  3.0
Long Blades    | |  2.7
Dodging        | |  3.6
Shields        | |  3.0

Action                   |  1- 3 |  4- 6 || total
-------------------------+-------+-------++-------
Melee: Long sword        |    65 |    40 ||   105
       Constrict         |    23 |     6 ||    29
       Tentacles         |     7 |     5 ||    12
  Use: Potion            |       |     1 ||     1
 Stab: Sleeping          |     5 |     3 ||     8
  Eat: Chunk             |       |     2 ||     2
Armor: Skin              |    11 |     5 ||    16
Dodge: Dodged            |    49 |    17 ||    66
Block: Shield            |    44 |     9 ||    53
       Rpst.: Long sword |    14 |     5 ||    19
